AoeStats
← Fs.Carniça

Arabia

510362921Analyzed
1v1 RM · 10h ago on Sep 30, 2026· 44m 58s· 2 players
Game mode
Random Map
Map size
Tiny (2 player)
Population
200
Speed
Normal
Resources
Standard
Victory
Conquest
Starting age
Dark Age
Ending age
Imperial Age
RankedLock teamsTeams togetherTeam positionsShared explorationLock speedFull tech treeHidden civsTurbo modeCheats
Victory
Defeat
🇧🇷 Sicilians · Brazil
1660
+17
🇪🇸 Magyars · Spain
1680
-17
Fs.Carniça
5:43 Loom
8:54 Feudal Age
10:01 Double-Bit Axe
11:37 Horse Collar
20:43 Castle Age
19:46 Forging
20:11 Gold Mining
20:54 Bloodlines
21:05 Scale Barding Armor
26:02 Chain Barding Armor
32:38 Husbandry
33:30 Wheelbarrow
35:44 Iron Casting
36:30 Pikeman
40:33 Imperial Age
38:56 Scale Mail Armor
40:31 Cavalier
45:33 Squires
Canhonnn
6:29 Loom
8:50 Feudal Age
9:26 Double-Bit Axe
10:17 Horse Collar
17:46 Gold Mining
20:44 Castle Age
20:12 Fletching
20:47 Crossbowman
21:42 Bodkin Arrow
21:59 Bow Saw
22:35 Town Watch
25:11 Wheelbarrow
27:10 Sanctity
29:36 Hand Cart
31:15 Scale Barding Armor
31:55 Bloodlines
32:18 Husbandry
33:01 Chain Barding Armor
37:41 Scale Mail Armor
37:07 Pikeman
37:33 Arson
40:24 Town Patrol
41:00 Chain Mail Armor
44:15 Imperial Age
42:07 Light Cavalry
43:42 Heated Shot
44:12 Ballistics
44:36 Halberdier
45:45 Conscription
Connection lost

Rejoining the realm…

Still unreachable

The connection could not be restored.

Session expired

The server has moved on; the page needs a fresh start.